 Dungeon Crawl Stone Soup version 0.31.0-32-g396128a36d (webtiles) character file.

Game seed: 5520491562810652332

259 spaghetti the Grave Robber (level 6, 0/53 HPs)
             Began as an Oni Necromancer on Mar 8, 2024.
             Slain by a black bear (4 damage)
             ... on level 4 of the Dungeon.
             The game lasted 00:04:39 (3060 turns).

spaghetti the Grave Robber (Oni Necromancer)        Turns: 3060, Time: 00:04:39

Health: 0/53       AC:  4    Str: 13    XL:     6   Next: 17%
Magic:  1/9        EV:  9    Int: 18    God:
Gold:   29         SH:  0    Dex:  9    Spells: 8/9 levels left

rFire   x . .        d - +4 dagger of Doom {speed, rF- rN+ Will++ SInv}
rCold   . . .        (no shield)
rNeg    + . .        a - +0 robe
rPois   .            (helmet restricted)
rElec   .            g - +0 cloak
rCorr   .            (gloves unavailable)
SInv    +            (boots unavailable)
Will    ++...        (no amulet)
Stlth   +            (no ring)
HPRegen 0.28/turn    (no ring)
MPRegen 0.11/turn

%: no passive effects
@: no status effects
A: large, unfitting armour, horns 1, tough skin 1, double potion healing,
drunken brawling
a: no special abilities


You were on level 4 of the Dungeon.
You visited 1 branch of the dungeon, and saw 4 of its levels.

You collected 155 gold pieces.
You spent 126 gold pieces at shops.

Inventory:

Hand Weapons
 d - the +4 dagger of Doom (weapon) {speed, rF- rN+ Will++ SInv}
   (You bought it in a shop on level 4 of the Dungeon)

   rF-:       It makes you vulnerable to fire.
   rN+:       It protects you from negative energy.
   Will++:    It greatly increases your willpower.
   SInv:      It lets you see invisible.
 e - a +3 dagger of speed
 h - a +2 dagger of venom
Armour
 a - a +0 robe (worn)
 g - a +0 cloak (worn)
Scrolls
 c - 3 scrolls of noise
 f - 3 scrolls of teleportation
 i - 2 scrolls of vulnerability
Potions
 b - a potion of heal wounds
 j - 3 potions of degeneration


   Skills:
 - Level 1.7 Dodging
 - Level 1.4 Stealth
 - Level 2.4 Spellcasting
 + Level 6.6 Necromancy


You had 8 spell levels left.
You knew the following spells:

 Your Spells              Type           Power      Damage    Failure   Level
a - Necrotise             Necr           100%       1d9       1%          1

Your spell library contained the following spells:

 Spells                   Type           Power      Damage    Failure   Level
 Vampiric Draining        Necr           26%        2d7       3%          3
 Animate Dead             Necr           26%        N/A       11%         4
 Curse of Agony           Necr           26%        N/A       30%         5
 Frozen Ramparts          Ice            4%         1d1       45%         3
 Leda's Liquefaction      Alch/Erth      1%         N/A       86%         4
 Petrify                  Alch/Erth      2%         N/A       86%         4
 Metabolic Englaciation   Hex/Ice        1%         N/A       99%         5


Dungeon Overview and Level Annotations

Branches:
Dungeon (4/15)
 Temple: D:4-7

Altars:

Shops:
D:4 (


Innate Abilities, Weirdness & Mutations

You are too large for most types of armour.
You have a pair of small horns on your head.
You have tough skin. (AC +1)
You gain doubled healing and magic from potions.
Whenever you drink a healing potion, you attack all around you.


Message History

The black bear bites you. The black bear closely misses you.
The black bear barely misses you.
Casting: Necrotise (safe; 1% risk of failure)
Confirm with . or Enter, or press ? or * to list all spells.
Aiming: Necrotise (safe; 1% risk of failure)
Press: ? - help, Shift-Dir - straight line, f/p - black bear
Aim: a black bear (severely wounded, ally target, chance to affect: 83%)
The black bear writhes in agony.
Your orc skeleton barely misses the black bear.
The black bear goes berserk!
The endoplasm freezes you.
You are frozen.
Casting: Necrotise (safe; 1% risk of failure)
Confirm with . or Enter, or press ? or * to list all spells.
Aiming: Necrotise (safe; 1% risk of failure)
Press: ? - help, Shift-Dir - straight line, f/p - black bear
Aim: a black bear (severely wounded, berserk, ally target, chance to affect: 83%)
The black bear barely resists.
The black bear bites you! The black bear barely misses you.
The black bear claws you.
Your orc skeleton closely misses the black bear.
The endoplasm freezes you.
You are frozen.
Your magical contamination has completely faded away.
Casting: Necrotise (safe; 1% risk of failure)
Confirm with . or Enter, or press ? or * to list all spells.
Aiming: Necrotise (safe; 1% risk of failure)
Press: ? - help, Shift-Dir - straight line, f/p - black bear
Aim: a black bear (severely wounded, berserk, ally target, chance to affect: 83%)
The black bear writhes in agony!
The black bear bites you but does no damage.
The black bear barely misses you. The black bear claws you.
* * * LOW HITPOINT WARNING * * *
Your orc skeleton barely misses the black bear.
The endoplasm freezes you.
You are frozen.
* * * LOW HITPOINT WARNING * * *
The orc hits you but does no damage. The black bear bites you!
* * * LOW HITPOINT WARNING * * *
The black bear closely misses you. The black bear claws you.
You die...

.#.).#...# .. ...
#.....#.###. ... .)
##...###...###.. ...
..###..##...#.#### ....
##......#......#.###..#
##..................##.
###...................
###....#.)#.....o......
#.....###.##...@h.....#
###.#.# ###...#ZJ...#.#
#.### #..####...... ###
#..## ...... #.. #....
#.. ...# ... .## #>.. #


You could see a black bear (berserk, ally target), an orc, an endoplasm and a
friendly orc skeleton.

Vanquished Creatures
  A hound (D:4)
  An orc wizard (D:4)
  A gnoll (D:1)
  3 adders (D:3)
  4 dart slugs
  2 ribbon worms
  6 orcs
  6 endoplasms
  A giant cockroach (D:1)
  5 hobgoblins
  9 kobolds
  3 quokkas
  6 ball pythons
  9 bats
  4 frilled lizards
  7 goblins
  8 rats
76 creatures vanquished.

Vanquished Creatures (collateral kills)
  A phantom (D:4)
  An orc (D:3)
  2 giant cockroaches (D:1)
  A rat (D:2)
5 creatures vanquished.

Grand Total: 81 creatures vanquished

Notes
Turn   | Place    | Note
-------+----------+-------------------------------------------
     0 | D:1      | spaghetti the Oni Necromancer began the quest for the Orb.
     0 | D:1      | Reached XP level 1. HP: 16/16 MP: 3/3
   114 | D:1      | Reached skill level 4 in Necromancy
   114 | D:1      | Reached XP level 2. HP: 24/24 MP: 1/5
   560 | D:1      | Reached XP level 3. HP: 27/31 MP: 1/6
  1355 | D:2      | Found a faded altar of an unknown god.
  1454 | D:2      | Reached skill level 5 in Necromancy
  1497 | D:2      | Reached XP level 4. HP: 39/39 MP: 5/7
  2466 | D:3      | Reached XP level 5. HP: 41/45 MP: 4/8
  2662 | D:4      | Found Ejeziac's Antique Weapon Shop.
  2718 | D:4      | Noticed a phantom
  2739 | D:4      | Killed a phantom
  2740 | D:4      | Reached skill level 6 in Necromancy
  2740 | D:4      | Reached XP level 6. HP: 15/53 MP: 9/9
  2927 | D:4      | Bought a steaming dagger for 126 gold pieces
  2927 | D:4      | Identified the +4 dagger of Doom {speed, rF- rN+ Will++
                  | SInv} (You bought it in a shop on level 4 of the Dungeon)
  3049 | D:4      | Noticed a black bear
  3060 | D:4      | Slain by a black bear

Illustrated notes

Levels and vault maps discovered:
D:1:      minmay_arrival_four_circles, layout_basic, wad_floor_pattern_1,
          minmay_hexomino_u4
D:2:      layout_rooms, basic_ecumenical_altar
D:3:      layout_loops_ring, kennysheep_generic_room_7
D:4:      nicolae_cairo_tiling, layout_cave_pools, serial_shops,
          nicolae_shop_hallway_stairs, minmay_close_crescents

Skill      XL: |  1  2  3  4  5 |
---------------+----------------+-----
Necromancy     | 4 5 6 |  6.6
Dodging        | |  1.7
Stealth        | |  1.4
Spellcasting   | |  2.4

Action                     |  1- 3 |  4- 6 || total
---------------------------+-------+-------++-------
  Melee: Unarmed           |    11 |       ||    11
         Headbutt          |     5 |     3 ||     8
         Punch             |     1 |       ||     1
         Dagger            |    17 |    24 ||    41
   Cast: Necrotise         |    54 |    77 ||   131
    Use: Scroll            |     4 |     2 ||     6
         Potion            |       |     2 ||     2
   Stab: Sleeping          |       |     1 ||     1
 Armour: Robe              |    38 |    54 ||    92
  Dodge: Dodged            |    22 |    35 ||    57
